 Dungeon Crawl Stone Soup version 0.30.1-11-g7821555f0a (webtiles) character file.

Game seed: 15324198072307163558

38748 eliilek the Protected (level 13, -1/119 HPs)
             Began as a Minotaur Fighter on Dec 17, 2023.
             Was the Champion of Cheibriados.
             Slain by a seven-headed hydra (4 damage)
             ... on level 4 of the Lair of Beasts.
             The game lasted 00:41:32 (15571 turns).

eliilek the Protected (Minotaur Fighter)           Turns: 15571, Time: 00:41:33

Health: -1/119     AC: 33    Str: 41    XL:     13   Next: 65%
Magic:  17/18      EV: 16    Int: 20    God:    Cheibriados [******]
Gold:   725        SH: 14    Dex: 26    Spells: 12/12 levels left

rFire   . . .        a - +3 morningstar
rCold   + + .        E - +0 kite shield
rNeg    . . .        I - +8 chain mail "Inous" {Str+5}
rPois   .            (helmet restricted)
rElec   +            O - +2 cloak
rCorr   .            j - +0 pair of gloves
SInv    .            H - +1 pair of boots "Dukis" {rElec rC++}
Will    +....        w - amulet of faith Stlth
                     k - ring of willpower
HPRegen 0.39/turn    o - +4 ring of protection
MPRegen 0.16/turn

%: faith
@: studying Invocations, very slow
A: horns 2, retaliatory headbutt, clumsy 1, weak 1
a: Renounce Religion, Bend Time, Temporal Distortion, Slouch, Step From Time


You were on level 4 of the Lair of Beasts.
You worshipped Cheibriados.
Cheibriados was exalted by your worship.
You visited 3 branches of the dungeon, and saw 15 of its levels.
You also visited: Gauntlet and Volcano.

You collected 820 gold pieces.
You spent 95 gold pieces at shops.

Inventory:

Hand Weapons
 a - a +3 morningstar (weapon)
 b - a +0 sling
Missiles
 v - 3 throwing nets
Armour
 j - a +0 pair of gloves (worn)
 E - a +0 kite shield (worn)
 H - the +1 pair of boots "Dukis" (worn) {rElec rC++}
   (You found it in a Gauntlet)

   rC:        It greatly protects you from cold.
   rElec:     It insulates you from electricity.
 I - the +8 chain mail "Inous" (worn) {Str+5}
   (You took it off a minotaur in a Gauntlet)

   Str:       It affects your strength (+5).
 O - a +2 cloak (worn)
Jewellery
 k - a ring of willpower (left hand)
 o - a +4 ring of protection (right hand)
 t - a ring of see invisible
 w - an amulet of faith (around neck)
 J - a ring of protection from fire
 N - a +4 ring of protection
 P - an amulet of regeneration
Wands
 z - a wand of digging (11)
 B - a wand of flame (48)
 F - a wand of polymorph (20)
 K - a wand of mindburst (6)
 L - a wand of charming (17)
 M - a wand of roots (14)
Scrolls
 c - 5 scrolls of poison
 f - 3 scrolls of silence {unknown}
 g - 4 scrolls of blinking
 l - 2 scrolls of torment {unknown}
 n - 5 scrolls of magic mapping
 p - 3 scrolls of enchant weapon {unknown}
 s - 5 scrolls of enchant armour
 u - 2 scrolls of fog {unknown}
 x - a scroll of fear
 y - a scroll of butterflies {unknown}
 C - 3 scrolls of teleportation {unknown}
 D - 2 scrolls of identify
 G - a scroll of brand weapon {unknown}
Potions
 d - a potion of might
 e - 4 potions of heal wounds
 h - a potion of berserk rage
 i - 5 potions of mutation
 m - 2 potions of ambrosia
 q - 3 potions of curing
 r - 3 potions of invisibility {unknown}
 A - a potion of cancellation


   Skills:
 + Level 12.4 Fighting
 * Level 13.5 Maces & Flails
 + Level 14.6 Armour
 - Level 8.0 Dodging
 + Level 11.2 Shields
 + Level 9.2 Invocations


You had 12 spell levels left.
You didn't know any spells.
Your spell library contained the following spells:

 Spells                   Type           Power      Damage    Failure   Level
 Beastly Appendage        Tmut           0%         N/A       50%         1
 Sandblast                Erth           0%         2d4       50%         1
 Blink                    Tloc           0%         N/A       65%         2
 Cigotuvi's Dreadful Rot  Necr/Pois/Air  0%         N/A       65%         2
 Passwall                 Tmut/Erth      0%         N/A       65%         2
 Wereblood                Tmut           0%         N/A       65%         2
 Dazzling Flash           Conj/Hex       0%         N/A       86%         3
 Frozen Ramparts          Ice            0%         1d1       86%         3
 Spider Form              Tmut/Pois      0%         N/A       86%         3
 Stone Arrow              Conj/Erth      0%         3d7       86%         3
 Vhi's Electric Charge    Tloc/Air       0%         N/A       86%         3
 Dispel Undead            Necr           0%         3d6       99%         4
 Ice Form                 Ice/Tmut       0%         N/A       99%         4
 Manifold Assault         Tloc           0%         N/A       99%         4
 Summon Ice Beast         Ice/Summ       0%         N/A       99%         4
 Agony                    Necr           0%         N/A       100%        5
 Arcjolt                  Conj/Air       0%         1d10      100%        5
 Silence                  Hex/Air        0%         N/A       100%        5
 Death Channel            Necr           0%         N/A       100%        6
 Storm Form               Tmut/Air       0%         N/A       100%        7
 Maxwell's Capacitive Co  Air            0%         ∞         100%        8


Dungeon Overview and Level Annotations

Branches:
Dungeon (10/15)            Temple (1/1) D:5            Lair (4/5) D:8
  Swamp (0/4) Lair:2        Snake (0/4) Lair:3          Orc (0/2) D:9
Volcano (visited)         Gauntlet (visited)
  Slime: Lair:4-5

Altars:
Cheibriados
Elyvilon
Fedhas
Gozag
Hepliaklqana
Kikubaaqudgha
Makhleb
Nemelex Xobeh
Okawaru
Qazlal
Ru
Trog
Uskayaw
Vehumet
Xom
Yredelemnul
Zin
The Shining One

Shops:
D:4 *   D:7 =

Annotations:
Lair:4 3 runed translucent doors, Rangus's ghost, journeyman GnWn


Innate Abilities, Weirdness & Mutations

You have a pair of horns on your head.
You reflexively headbutt those who attack you in melee.
You are clumsy. (Dex -2)
You are weak. (Str -2)


Message History

You block the cane toad's attack.
You flatten the cane toad like a pancake!!!
You kill the cane toad!
Cheibriados thoroughly appreciates the change of pace.
The black bear seems to regain its courage.
Cornered, the black bear turns to fight!
You block the black bear's attack. The black bear completely misses you.
You block the black bear's attack. The black bear bites you.
* * * LOW HITPOINT WARNING * * *
You block the black bear's attack.
The black bear claws you but does no damage.
You closely miss the black bear.
The black bear is severely wounded.
You block the black bear's attack. The black bear completely misses you.
You block the black bear's attack.
You hit the black bear.
The black bear is severely wounded.
The black bear bites you but does no damage.
You block the black bear's attack.
The black bear claws you but does no damage.
You barely miss the black bear.
The black bear is severely wounded.
The black bear completely misses you. The black bear claws you.
* * * LOW HITPOINT WARNING * * *
The black bear claws you but does no damage.
You closely miss the black bear.
The black bear is severely wounded.
The black bear bites you but does no damage.
You block the black bear's attack. The black bear misses you.
You impale the black bear!!
You kill the black bear!
Cheibriados thoroughly appreciates the change of pace.
The seven-headed hydra bites you!
* * * LOW HITPOINT WARNING * * *
The seven-headed hydra closely misses you.
You block the seven-headed hydra's attack.
The seven-headed hydra bites you.
* * * LOW HITPOINT WARNING * * *
The seven-headed hydra bites you.
You die...

### ###.### ######.#.#.##
#......†....# #..###≈†....#
#.###≈≈†.@.## ##..#≈≈≈~.D.P#
******** #P.##≈≈≈..D.## *,~,~,,**
#..##≈≈..D#.# *,,,,,,,***
##.###≈≈.H####****,,,~~,,,*,
#...##≈≈....#*,D,,,,~~~~,,,~
#...##≈≈≈........~~~~~~~~,,, #
#....#≈≈≈≈~~..~≈≈≈~~~~~~~~,~
#######.####≈≈≈≈≈≈~≈≈≈≈~~~~~~~~,*


You could see a seven-headed hydra, a five-headed hydra, a manticore and a steam
dragon.

Vanquished Creatures
  A dire elephant (Lair:4)
  A minotaur (Gauntlet)
  A fire dragon (Volcano)
  A hydra (Lair:2)
  A catoblepas (Lair:3)
  Erica (Lair:1)
  An anaconda (Lair:4)
  A hell hog (Volcano)
  A wretched star (Gauntlet)
  A sixfirhy (D:9)
  An orange crystal statue (Gauntlet)
  Pikel (D:4)
  4 elephants (Lair:3)
  6 black mambas
  Maurice (D:9)
  2 molten gargoyles (Volcano)
  3 torpor snails (Lair:2)
  8 cane toads
  2 unseen horrors
  Maggie (D:10)
  A rime drake (Lair:4)
  9 komodo dragons
  2 tyrant leeches (Lair:2)
  A polar bear (Lair:4)
  14 blink frogs
  A wraith (D:10)
  3 wyverns
  42 yaks
  A vampire (D:8)
  8 fire bats (Volcano)
  5 basilisks
  A neqoxec (Gauntlet)
  3 steam dragons
  2 swamp worms (Lair:2)
  3 nagas (Lair:3)
  7 water moccasins
  A hell hound (Volcano)
  Duvessa (D:5)
  A hornet zombie (D:5)
  4 black bears
  A sky beast (D:7)
  2 ice beasts
  3 orc warriors
  7 ogres
  5 centaurs
  7 wolves
  2 phantoms
  2 kobold brigands
  Blork the orc (D:4)
  2 gnoll sergeants
  12 bullfrogs
  A necrophage (D:5)
  3 scorpions (D:7)
  A water moccasin zombie (D:5)
  20 wights
  Dowan (D:5)
  6 killer bees
  3 electric eels
  4 howler monkeys
  A bullfrog zombie (D:5)
  5 hounds
  A human zombie (D:5)
  7 lava snakes
  2 orc priests (D:9)
  A gnoll bouda (D:8)
  5 jellies (D:6)
  Crazy Yiuf (D:4)
  3 sleepcaps
  Ijyb (D:4)
  8 orc wizards
  Natasha (thrice) (D:3)
  An iguana (D:5)
  A hound zombie (D:5)
  3 mummies (D:5)
  A howler monkey zombie (D:5)
  Robin (D:5)
  19 gnolls
  11 adders
  A shadow imp (D:5)
  An ufetubus (D:6)
  An adder zombie (D:5)
  2 worms
  3 dart slugs
  38 orcs
  7 ball pythons
  12 endoplasms
  A giant cockroach (D:1)
  12 goblins
  5 hobgoblins
  3 jackals
  7 quokkas
  3 bats
  3 frilled lizards (D:2)
  15 kobolds
  7 rats
428 creatures vanquished.

Notes
Turn   | Place    | Note
-------+----------+-------------------------------------------
     0 | D:1      | eliilek the Minotaur Fighter began the quest for the Orb.
     0 | D:1      | Reached XP level 1. HP: 19/19 MP: 0/0
   190 | D:1      | Reached XP level 2. HP: 27/27 MP: 1/1
   201 | D:1      | Reached skill level 4 in Armour
   512 | D:1      | Reached skill level 1 in Dodging
   658 | D:2      | Reached XP level 3. HP: 33/33 MP: 2/2
   832 | D:2      | Reached XP level 4. HP: 40/40 MP: 3/3
  1393 | D:3      | Identified the +0 scale mail "Zasy" {Harm Will+ Stlth-}
  1402 | D:3      | Reached skill level 5 in Armour
  1427 | D:3      | Reached XP level 5. HP: 42/47 MP: 4/4
  2011 | D:3      | Reached XP level 6. HP: 34/55 MP: 5/5
  2184 | D:3      | Noticed Natasha
  2187 | D:3      | Killed Natasha
  2477 | D:3      | Noticed Natasha
  2484 | D:3      | Killed Natasha
  2485 | D:3      | Reached skill level 5 in Fighting
  2485 | D:3      | Reached skill level 6 in Armour
  2485 | D:3      | Reached skill level 5 in Shields
  2730 | D:3      | Noticed Natasha
  2735 | D:3      | Killed Natasha
  2780 | D:4      | Noticed Pikel
  2808 | D:4      | Killed Pikel
  2809 | D:4      | Reached skill level 7 in Armour
  2809 | D:4      | Reached XP level 7. HP: 33/62 MP: 6/6
  2929 | D:4      | Found Elutosh's General Store.
  2937 | D:4      | Bought a scroll of magic mapping for 75 gold pieces
  2937 | D:4      | Bought a scroll of identify for 20 gold pieces
  3426 | D:4      | Reached XP level 8. HP: 65/70 MP: 7/7
  3442 | D:4      | You fall into a shaft and drop 2 floors!
  3471 | D:6      | Reached skill level 8 in Armour
  3476 | D:5      | Entered Level 5 of the Dungeon
  3524 | D:4      | Noticed Blork the orc
  3534 | D:4      | Killed Blork the orc
  3698 | D:4      | Found a runed translucent door.
  3699 | D:4      | Noticed Crazy Yiuf
  3708 | D:4      | Killed Crazy Yiuf
  3992 | D:5      | Found a staircase to the Ecumenical Temple.
  4006 | Temple   | Entered the Ecumenical Temple
  4025 | Temple   | Became a worshipper of Cheibriados the Contemplative
  4080 | D:5      | Noticed Ijyb
  4082 | D:5      | Noticed Robin
  4125 | D:4      | Killed Ijyb
  4258 | D:5      | Killed Robin
  4436 | D:5      | Reached skill level 9 in Armour
  4436 | D:5      | Reached skill level 5 in Dodging
  4436 | D:5      | Reached skill level 1 in Invocations
  4471 | D:5      | Noticed Duvessa
  4471 | D:5      | Noticed Dowan
  4484 | D:5      | Killed Duvessa
  4489 | D:5      | Killed Dowan
  4489 | D:5      | Reached * piety under Cheibriados
  4621 | D:5      | Found an ancient bone altar of Kikubaaqudgha.
  4792 | D:5      | Reached XP level 9. HP: 73/79 MP: 9/9
  4988 | D:5      | Reached skill level 10 in Armour
  5092 | D:5      | Reached ** piety under Cheibriados
  5952 | D:6      | Found a hazy altar of Hepliaklqana.
  5953 | D:6      | Found a shimmering altar of Xom.
  5954 | D:6      | Noticed a spectral ugly thing
  6179 | D:7      | Reached *** piety under Cheibriados
  6184 | D:7      | Reached skill level 11 in Armour
  6520 | D:7      | Reached **** piety under Cheibriados
  6542 | D:7      | Found Zicurif's Jewellery Shoppe.
  6634 | D:7      | Reached XP level 10. HP: 86/88 MP: 10/12
  7060 | D:8      | Reached skill level 5 in Maces & Flails
  7186 | D:8      | Reached skill level 12 in Armour
  7202 | D:8      | Found a staircase to the Lair.
  7293 | D:8      | Reached ***** piety under Cheibriados
  7749 | D:8      | Found a hide-covered altar of Uskayaw.
  7749 | D:8      | Found a bloodstained altar of Trog.
  7838 | D:9      | Found a staircase to the Orcish Mines.
  7879 | D:9      | Noticed a sixfirhy
  7880 | D:9      | Found a runed translucent door.
  7913 | D:9      | Reached skill level 5 in Invocations
  7989 | D:9      | Noticed Maurice
  8009 | D:9      | Killed Maurice
  8077 | D:9      | Reached XP level 11. HP: 97/97 MP: 13/13
  8691 | D:9      | Killed a sixfirhy
  8691 | D:9      | Reached ****** piety under Cheibriados
  8714 | D:10     | Entered Level 10 of the Dungeon
  9236 | D:10     | Noticed Maggie
  9247 | D:10     | Killed Maggie
  9262 | D:10     | Reached skill level 10 in Fighting
  9646 | Lair:1   | Entered Level 1 of the Lair of Beasts
  9814 | Lair:1   | Noticed Erica
  9823 | Lair:1   | Killed Erica
 10035 | Lair:1   | Reached skill level 13 in Armour
 10413 | Lair:1   | Reached XP level 12. HP: 102/107 MP: 14/16
 10721 | Lair:1   | Reached skill level 10 in Maces & Flails
 10847 | Lair:2   | Found a dark tunnel.
 10860 | Volcano  | Entered a volcano
 11224 | Volcano  | Found a bloodstained altar of Trog.
 11224 | Volcano  | Noticed a hell hog
 11239 | Volcano  | Killed a hell hog
 11412 | Volcano  | Noticed a fire dragon
 11423 | Volcano  | Killed a fire dragon
 11672 | Lair:2   | Reached skill level 10 in Shields
 11903 | Lair:2   | Found a snail-covered altar of Cheibriados.
 12045 | Lair:2   | Noticed a four-headed hydra
 12052 | Lair:2   | Killed a four-headed hydra
 12109 | Lair:2   | Found a staircase to the Swamp.
 12261 | Lair:2   | Reached skill level 14 in Armour
 12769 | Lair:3   | Reached XP level 13. HP: 112/117 MP: 18/18
 13093 | Lair:3   | Found a staircase to the Snake Pit.
 13271 | Lair:3   | Identified the +1 scale mail of Past Mistakes {Int+4}
 13967 | Lair:4   | Found a gate leading to a gauntlet.
 13976 | Gauntlet | Entered a Gauntlet
 13976 | Gauntlet | Found a transporter.
 13976 | Gauntlet | Found a transporter.
 13977 | Gauntlet | Found a transporter.
 13980 | Gauntlet | Found a transporter.
 13990 | Gauntlet | Found a transporter.
 14057 | Gauntlet | Found a transporter.
 14072 | Gauntlet | Found a transporter.
 14082 | Gauntlet | Found a transporter.
 14092 | Gauntlet | Found a transporter.
 14107 | Gauntlet | Found a transporter.
 14113 | Gauntlet | Found a transporter.
 14138 | Gauntlet | Found a transporter.
 14323 | Gauntlet | Gained mutation: You are weak. (Str -2) [a neqoxec]
 14325 | Gauntlet | Gained mutation: You are clumsy. (Dex -2) [a neqoxec]
 14348 | Gauntlet | Identified the +1 pair of boots "Dukis" {rElec rC++}
 14591 | Gauntlet | Identified the +8 chain mail "Inous" {Str+5}
 14591 | Gauntlet | Noticed a minotaur
 14612 | Gauntlet | Killed a minotaur
 15033 | Lair:4   | Found a shimmering altar of Xom.
 15401 | Lair:4   | Found a runed translucent gate.
 15401 | Lair:4   | Found a runed translucent gate.
 15401 | Lair:4   | Found a runed translucent gate.
 15402 | Lair:4   | Noticed Rangus's ghost (journeyman GnWn)
 15539 | Lair:4   | Noticed a dire elephant
 15557 | Lair:4   | Killed a dire elephant
 15571 | Lair:4   | HP: 3/119 [seven-headed hydra (3)]
 15571 | Lair:4   | Slain by a seven-headed hydra

Illustrated notes

Levels and vault maps discovered:
D:1:      wander_arrival_abandoned_jail, layout_basic
D:2:      layout_basic
D:3:      kennysheep_six_static_rooms, layout_basic, uniq_natasha
D:4:      layout_basic, serial_shops, shop, uniq_crazy_yiuf_cottage, uniq_pikel,
          uniq_blork_the_orc
D:5:      cheibrodos_barr_body, layout_loops_ring,
          lemuel_mausoleum_altar_kikubaaqudgha, minmay_temple_entry_junction_2,
          nicolae_goblin_pals, uniq_duvessa
D:6:      cheibrodos_quashed, layout_cave_pools, regret_index_temple_of_mockery
D:7:      layout_rooms, serial_shops, nicolae_shop_back_alley_shop,
          minmay_misc_feat_secret_circle
D:8:      layout_basic, nicolae_overflow_two_pavilions,
          grunt_lair_entry_orc_guard_hut
D:9:      cheibrodos_shockbox, layout_gridville, minmay_orc_entry_temple_small,
          hangedman_decor_clover_reticule, minivault_4, uniq_maurice
D:10:     layout_stronghold, uniq_maggie
Temple:   nicolae_temple_bog_church
Lair:1:   layout_roguey, hibernation_bobbens, uniq_erica
Lair:2:   layout_regular_city, minmay_swamp_entry_worms, enter_volcano_2,
          kennysheep_snail_temple
Lair:3:   layout_concentric_octagons, guppyfry_snake_entry_garden
Lair:4:   layout_long_grid, gammafunk_ghost_hydra_chop, special_room
          [special_room_mythical_zoo], gauntlet_entry_generic, basic_altar,
          nicolae_lair_lakeside_cave, serial_bayou_shore_a

Skill      XL: |  1  2  3  4  5  6  7  8  9 10 11 12 13 |
---------------+----------------------------------------+-----
Armour         | 4 5 7 9 11 12 13 14 | 14.6
Dodging        | 1 2 3 4 5 6 7 8 |  8.0
Fighting       | 4 5 6 7 8 9 10 11 12 | 12.4
Shields        | 4 5 6 7 9 10 11 | 11.2
Invocations    | 2 4 5 6 8 9 |  9.2
Maces & Flails | 3 6 9 12 13 | 13.5

Action                     |  1- 3 |  4- 6 |  7- 9 | 10-12 | 13-15 || total
---------------------------+-------+-------+-------+-------+-------++-------
  Melee: Flail             |    68 |   121 |   330 |       |       ||   519
         Headbutt          |     6 |    13 |    76 |   143 |    44 ||   282
         Morningstar       |       |       |    11 |   506 |   177 ||   694
   Fire: Sling             |    10 |    24 |    56 |   145 |    21 ||   256
 Invoke: Bend Time         |       |       |     1 |       |     1 ||     2
         Slouch            |       |       |       |     1 |     1 ||     2
         Temporal Distorti |       |       |       |     1 |       ||     1
  Evoke: Wand              |       |       |       |       |     1 ||     1
    Use: Scroll            |       |     5 |     4 |     3 |     8 ||    20
         Potion            |       |       |     1 |       |     1 ||     2
   Stab: Petrified         |       |       |       |       |     1 ||     1
 Armour: Scale mail        |    29 |     7 |       |       |       ||    36
         Chain mail        |       |    62 |   170 |       |    50 ||   282
         Plate armour      |       |       |    63 |   253 |    43 ||   359
         Skin              |       |       |       |     5 |       ||     5
  Dodge: Dodged            |    31 |    48 |   215 |   334 |    90 ||   718
  Block: Buckler           |    10 |    35 |    92 |       |       ||   137
         Kite shield       |       |       |   117 |   439 |   132 ||   688
